 Dungeon Crawl Stone Soup version 0.19.0-18-g426998a (webtiles) character file.

475800 tsouns the Executioner (level 25, -4/205 HPs)
             Began as a Human Fighter on Nov 11, 2016.
             Was the Champion of the Shining One.
             Killed from afar by a battlesphere (7 damage)
             ... created by a tengu conjurer
             ... while paralysed by a floating eye
             ... on level 4 of the Depths.
             The game lasted 03:38:11 (52033 turns).

tsouns the Executioner (Human Fighter)             Turns: 52033, Time: 03:38:11

Health: -4/205     AC: 39    Str: 20      XL:     25   Next: 65%
Magic:  28/35      EV:  2    Int: 10 (12) God:    the Shining One [******]
Gold:   1846       SH:  0    Dex: 22      Spells: 0 memorised, 24 levels left

rFire  + + .     SeeInvis +     b - +9 battleaxe (holy)
rCold  + + +     Gourm    .     l - +7 gold dragon scales
rNeg   + + +     Faith    .     (shield currently unavailable)
rPois  +         Spirit   .     W - +0 helmet "Wudoogh" {*Contam rPois Dex+4 Stlth+}
rElec  +         Reflect  .     u - +1 cloak of Starlight {rElec rC+ EV+4 Stlth--}
rCorr  .         Harm     .     k - +1 pair of gloves of Dramatic Exits {rPois rF+ rC+ SInv}
MR     +++..                    i - +2 pair of boots
Stlth  ..........               c - amulet of regeneration
                                F - ring of protection from magic
                                o - ring of protection from magic

@: paralysed, glowing
A: mutation resistance 1
a: Divine Shield, Cleansing Flame, Summon Divine Warrior, Renounce Religion
}: 3/15 runes: barnacled, abyssal, gossamer


You were on level 4 of the Depths.
You worshipped the Shining One.
The Shining One was exalted by your worship.
You were not hungry.

You visited 11 branches of the dungeon, and saw 45 of its levels.
You visited the Abyss 1 time.
You also visited: Ice Cave and Wizlab.

You collected 4752 gold pieces.
You spent 2906 gold pieces at shops.

Inventory:

Hand Weapons
 b - a +9 battleaxe of holy wrath (weapon)
 v - a +5 executioner's axe of chopping
 T - the +2 battleaxe of Inference {elec, +Fly rElec rC+ Stlth+}
   (You found it in an ice cave)

   Occasionally, upon striking a foe, it will discharge some electrical energy
   and cause terrible harm.
   It protects you from cold.
   It insulates you from electricity.
   It lets you fly.
   It makes you more stealthy.
Missiles
 U - 6 throwing nets (quivered)
 Y - 71 javelins
Armour
 i - a +2 pair of boots (worn)
 k - the +1 pair of gloves of Dramatic Exits (worn) {rPois rF+ rC+ SInv}
   (You found it on level 4 of the Dungeon)

   It protects you from fire.
   It protects you from cold.
   It protects you from poison.
   It lets you see invisible.
 l - +7 gold dragon scales (worn)
 u - the +1 cloak of Starlight (worn) {rElec rC+ EV+4 Stlth--}
   (You found it on level 8 of the Dungeon)

   It affects your evasion (+4).
   It protects you from cold.
   It insulates you from electricity.
   It makes you much less stealthy.
 W - the +0 helmet "Wudoogh" (worn) {*Contam rPois Dex+4 Stlth+}
   (You found it on level 13 of the Dungeon)

   It affects your dexterity (+4).
   It protects you from poison.
   It causes magical contamination when unequipped.
   It makes you more stealthy.
Jewellery
 c - an amulet of regeneration (around neck)
 o - a ring of protection from magic (left hand)
 A - the macabre finger necklace {rN+}
   (You bought it in a shop on level 2 of the Orcish Mines)

   [amulet of nothing]

   It protects you from negative energy.
 F - a ring of protection from magic (right hand)
Wands
 a - a wand of digging (10/24)
 s - a wand of acid (6/15)
 G - a wand of iceblast (0/15)
 H - a wand of confusion (22/48)
 I - a wand of paralysis (11/24)
 J - a wand of acid (10/15)
 K - a wand of teleportation (5/9)
 L - a wand of disintegration (5/24)
Scrolls
 d - a scroll of amnesia
 e - 2 scrolls of holy word
 q - 6 scrolls of blinking
 t - 5 scrolls of fear
 w - a scroll of summoning
 x - 16 scrolls of remove curse
 y - 8 scrolls of recharging
 D - 6 scrolls of fog
 N - 6 scrolls of teleportation
 Q - 11 scrolls of identify
 Z - a scroll of magic mapping
Potions
 g - 2 potions of might
 j - 6 potions of cancellation
 m - 3 potions of heal wounds
 B - 17 potions of curing
 C - 3 potions of flight
 E - 11 potions of ambrosia
 O - 2 potions of cure mutation
 P - 5 potions of resistance
 V - 4 potions of haste
 X - 2 potions of brilliance
Miscellaneous
 n - 2 boxes of beasts
 r - a phial of floods
 M - a phantom mirror
 R - 5 sacks of spiders
Comestibles
 f - 10 bread rations
 p - 15 fruits
 z - 12 meat rations


   Skills:
 + Level 18.5 Fighting
 - Level 23.2 Axes
 + Level 17.3 Armour
 - Level 15.2 Dodging
   Level 3.0 Shields
 * Level 17.4 Invocations
 - Level 9.0 Evocations


You had 24 spell levels left.
You didn't know any spells.

Dungeon Overview and Level Annotations

Branches:
Dungeon (15/15)            Temple (1/1) D:4            Lair (6/6) D:11
 Shoals (4/4) Lair:4       Spider (4/4) Lair:2        Slime (0/5) Lair:6
    Orc (2/2) D:10            Elf (1/3) Orc:2        Vaults (4/5) D:13
  Crypt (3/3) Vaults:3       Tomb (1/3) Crypt:3      Depths (4/5) D:15

Altars:
Cheibriados
Dithmenos
Elyvilon
Fedhas
Gozag
Hepliaklqana
Kikubaaqudgha
Makhleb
Okawaru
Qazlal
Ru
Sif Muna
Trog
Uskayaw
Xom
Yredelemnul
Zin
The Shining One
Jiyva

Shops:
D:7 !([!   D:13 (   D:14 [   D:15 :   Orc:1 :?[(   Orc:2 *?(}   Shoals:3 ?
Depths:3 %

Portals:
Hell: Depths:1 Depths:2 Depths:3
Pandemonium: Orc:2 Depths:2 Depths:3
Ziggurat: Depths:1
Trove: D:10 (give 21 scrolls of identify)

Annotations:
D:3 Xoff's ghost, amateur DsWz
D:4 1 runed door
Lair:6 exclusion: 2 oklob plants
Elf:1 Beholder179's ghost, adept DrAK
Crypt:2 Mennas
Depths:2 exclusion: oklob plant


Innate Abilities, Weirdness & Mutations

You are somewhat resistant to further mutation.


Message History

The storm dragon tramples you but does no damage.
The titan waves its arms in wide circles.
The air twists around and strikes you!
The tengu warrior hits you but does no damage.
The tengu warrior pecks you.
* * * LOW HITPOINT WARNING * * *
The tengu warrior claws you but does no damage.
Your angel hits the titan with a whip of holy wrath!
Your angel hits the titan with a whip of holy wrath.
The floating eye's stare focuses on you.
The yaktaur captain hits you but does no damage.
The storm dragon bites you but does no damage.
The storm dragon claws you but does no damage.
The storm dragon tramples you but does no damage.
The tengu conjurer gestures at you while chanting.
The zap hits your angel.
Your angel resists.
Helpless, you fail to dodge the zap.
The battlesphere fires!
The barrage of energy hits you!
You die...

.....=### ##...≈.##
.....†..#### ##....≈..###
.(.)[(..##.###.....≈≈...#
....#....#..#.......<...#
."..#..(...(#.......##..#
..........≈........######
..............[≈[.##
####''####.....Qc*####
#..#..#:.#...(GD@...(#
#$.Q....(#.....CA.......
##......##.....Q(..(....
.........+..............
.........+.........(...#
####....##.............#
#....(#...#....#.....
#..#=.#...##..##.....
..####


You could see a titan, a storm dragon, a yaktaur captain, a tengu warrior, a
tengu conjurer, a floating eye, a battlesphere and a friendly angel.

Vanquished Creatures
  2 juggernauts
  Sojobo (Depths:4)
  A greater mummy (Depths:3)
  Bai Suzhen (Spider:4)
  A golden dragon (Vaults:3)
  the Enchantress (Depths:1)
  Nikola (Shoals:2)
  2 tentacled monstrosities (Vaults:3)
  3 liches
  A titan (Vaults:2)
  4 sphinxes
  Asterion (Spider:4)
  An ancient champion (Vaults:3)
  Polyphemus (Shoals:4)
  Kirke (Spider:4)
  Donald (Shoals:2)
  8 tengu reavers
  A shadow dragon (Vaults:3)
  A storm dragon (D:15)
  4 revenants
  Roxanne (Spider:1)
  Ilsuiw (Shoals:4)
  9 fire giants
  4 frost giants
  5 ghost moths
  8 vault wardens
  3 deep elf sorcerers
  3 emperor scorpions (Spider:4)
  A juggernaut zombie (Depths:3)
  15 ironheart preservers
  2 reapers
  2 caustic shrike zombies
  A balrug (Depths:1)
  20 very ugly things
  4 vampire knights
  3 spriggan defenders (Depths:1)
  2 starcursed masses
  4 entropy weavers
  7 stone giants
  3 deep elf demonologists
  A purple draconian (Vaults:3)
  A deep elf annihilator (D:15)
  A yellow draconian (Vaults:3)
  2 spectral quicksilver dragons (Crypt:3)
  7 spark wasps
  9 eidola
  3 merfolk javelineers (Shoals:4)
  5 ettins
  A blizzard demon (Depths:3)
  4 fire dragons
  3 deep elf death magi
  A great orb of eyes (Depths:2)
  6 merfolk impalers
  Josephine (Shoals:1)
  14 jiangshi
  5 ice dragons
  8 yaktaur captains
  11 ogre magi
  5 rakshasas
  12 centaur warriors
  6 spriggan air magi
  12 vault guards
  7 merfolk aquamancers
  8 merfolk avatars
  2 death knights
  3 satyrs
  A spectral stone giant (Crypt:3)
  A spectral fire giant (Crypt:3)
  5 death yaks
  2 spectral frost giants (Crypt:3)
  3 dancing weapons
  3 spriggan berserkers (Depths:1)
  3 deep troll shamans
  6 vampire magi
  Urug (D:14)
  3 orc high priests
  7 deep troll earth magi
  4 tengu warriors
  A spectral storm dragon (Crypt:3)
  2 sun demons (Depths:1)
  A storm dragon zombie (Crypt:1)
  A soul eater (Crypt:3)
  A wretched star (Abyss:3)
  7 deep elf knights
  An iron troll (Depths:1)
  A titan skeleton (Depths:1)
  10 shadow wraiths
  A hell knight (Vaults:3)
  4 skeletal warriors
  A quicksilver dragon simulacrum (Crypt:3)
  11 sea snakes
  18 deep trolls
  A spectral hydra (Crypt:3)
  2 gelid demonspawn (Orc:2)
  3 glowing orange brains
  7 hill giants
  A torturous demonspawn (Orc:2)
  12 flayed ghosts
  2 lindwurms
  6 deep elf archers
  14 ironbrand convokers
  2 shadow dragon zombies (Depths:3)
  9 phantasmal warriors
  11 orb spiders
  A lindwurm (shapeshifter) (Vaults:1)
  3 tengu zombies
  A harpy (shapeshifter) (Depths:3)
  34 harpies
  A wolf spider (shapeshifter) (Depths:3)
  4 wizards
  2 wolf spider zombies
  23 deep elf magi
  64 ugly things
  14 orc knights
  4 necromancers
  19 fauns
  6 cyclopes
  An orb spider (shapeshifter) (Vaults:4)
  A moth of wrath (Spider:4)
  13 orc sorcerers
  11 manticores
  A fire giant zombie (Crypt:3)
  33 wolf spiders
  A spectral ice dragon (Crypt:3)
  A spectral fire dragon (Crypt:3)
  3 black mambas
  7 elephants
  A tengu skeleton (Vaults:4)
  A fire giant skeleton (Crypt:2)
  A hell hog skeleton (Crypt:3)
  A stone giant skeleton (Crypt:1)
  Maurice (D:8)
  A rust devil (Depths:3)
  6 water nymphs
  9 sirens
  11 vault sentinels
  3 ice statues (IceCv)
  4 torpor snails
  An orange demon (Orc:2)
  A torpor snail (shapeshifter) (Depths:1)
  A frost giant skeleton (Depths:1)
  2 smoke demons
  30 spiny frogs
  A yellow draconian zombie (Crypt:3)
  2 efreet
  5 spectral swamp worms (Depths:3)
  22 freezing wraiths
  A yaktaur zombie (Vaults:4)
  32 yaktaurs
  A rime drake (shapeshifter) (Vaults:4)
  A rime drake (Lair:1)
  3 guardian mummies (Depths:3)
  A redback zombie (D:12)
  A yaktaur (shapeshifter) (Vaults:3)
  An anaconda simulacrum (Crypt:3)
  11 komodo dragons
  2 tengu conjurers (Depths:3)
  15 demonic crawlers
  3 ice devils
  7 trolls
  A queen bee (shapeshifter) (D:15)
  A wind drake (Shoals:2)
  A meliai (D:13)
  2 red devils
  19 hornets
  33 jumping spiders
  21 merfolk
  2 tyrant leeches
  A polar bear (Lair:5)
  A harpy skeleton (Crypt:2)
  16 two-headed ogres
  2 ettin zombies
  5 blink frogs
  2 raiju (Abyss:2)
  A slime creature (shapeshifter) (Vaults:3)
  A spectral swamp dragon (Crypt:3)
  2 fire dragon zombies
  2 ice dragon zombies
  6 snapping turtles
  A two-headed ogre (shapeshifter) (Vaults:2)
  A frost giant simulacrum (Crypt:3)
  28 slime creatures
  A spriggan zombie (Depths:3)
  2 shadows
  A stone giant simulacrum (Depths:1)
  14 hippogriffs
  6 flying skulls
  An ettin skeleton (Crypt:3)
  2 fire dragon skeletons
  4 spriggans
  A spriggan (shapeshifter) (Vaults:1)
  5 air elementals (Depths:3)
  33 tarantellas
  A spectral black mamba (Crypt:3)
  66 redbacks
  4 wyverns
  12 water elementals
  14 wraiths
  A dire elephant simulacrum (Crypt:3)
  2 fire bats (Depths:1)
  45 yaks
  7 hogs (Spider:4)
  3 hungry ghosts
  A golden eye (shapeshifter) (Elf:1)
  2 basilisks
  A neqoxec (Depths:3)
  5 small abominations
  2 yaktaur simulacra
  2 chaos spawn (Orc:2)
  Menkaure (D:4)
  A harpy simulacrum (Crypt:3)
  3 mottled dragons
  5 vampire mosquitoes
  A hill giant skeleton (Crypt:1)
  6 wargs
  A soldier ant (D:12)
  Edmund (D:4)
  An orb spider zombie (Crypt:3)
  5 large abominations
  A floating eye (Depths:2)
  7 porcupines
  12 water moccasins
  Duvessa (D:7)
  A monstrous demonspawn skeleton (Crypt:3)
  8 ice beasts
  An ice beast (shapeshifter) (Vaults:1)
  48 orc warriors
  4 sky beasts
  2 hornet zombies
  43 ogres
  A snapping turtle zombie (Crypt:1)
  A phantom (D:8)
  A necrophage (Crypt:1)
  An eye of draining (Abyss:2)
  16 boggarts
  27 centaurs
  16 wolves
  A rime drake zombie (Crypt:1)
  17 crocodiles
  2 human zombies
  30 bullfrogs
  2 big kobolds
  3 wyvern zombies
  Dowan (D:7)
  A deep troll simulacrum (Vaults:2)
  An elf skeleton (Crypt:1)
  A hell hound skeleton (Crypt:3)
  3 scorpions
  3 snapping turtle simulacra
  A human simulacrum (Vaults:2)
  12 killer bees
  A spectral ogre (Crypt:3)
  7 howler monkeys
  9 wights
  A spriggan skeleton (Crypt:1)
  A troll skeleton (Crypt:2)
  2 electric eels
  6 crimson imps
  A bullfrog zombie (D:11)
  A centaur zombie (D:7)
  5 hounds
  23 orc priests
  7 jellies
  A bullfrog skeleton (D:8)
  2 quasits
  5 centaur skeletons
  A black bear skeleton (Crypt:1)
  8 iguanas
  21 orc wizards
  6 hell rats (Lair:6)
  A human skeleton (Crypt:3)
  10 worker ants
  Natasha (thrice) (D:2 D:4)
  A felid zombie (Crypt:1)
  A mottled dragon skeleton (Crypt:3)
  A big kobold skeleton (Crypt:1)
  5 mummies (Depths:3)
  4 gnolls
  13 adders
  A river rat (D:11)
  3 shadow imps
  2 white imps (Depths:3)
  2 ufetubi (Depths:3)
  An ooze (D:1)
  5 adder skeletons
  3 adder zombies
  4 dart slugs
  An iguana skeleton (Crypt:1)
  7 leopard geckos
  88 orcs
  2 ball pythons
  A bat skeleton (Crypt:2)
  5 giant cockroaches
  9 goblins
  10 hobgoblins
  14 jackals
  10 quokkas
  13 bats
  4 frilled lizards
  A giant cockroach zombie (D:5)
  A goblin zombie (Crypt:1)
  A hobgoblin zombie (Crypt:1)
  A jackal zombie (D:6)
  11 kobolds
  A leopard gecko skeleton (D:8)
  2 quokka skeletons
  6 rats
  A bush (Lair:2)
  A crawling corpse (Vaults:3)
  4 fungi
  5 plants (Shoals:4)
  4 withered plants (Crypt:3)
1925 creatures vanquished.

Vanquished Creatures (collateral kills)
  Arachne (Spider:3)
  An orb spider (Spider:3)
  A wolf spider (Spider:3)
  A tarantella (Spider:3)
4 creatures vanquished.

Vanquished Creatures (others)
  An entropy weaver (Spider:3)
  A yaktaur captain (D:15)
  An unseen horror (D:15)
  An orc knight (D:15)
  2 orb spiders
  A wolf spider (Spider:3)
  5 ugly things
  4 elephants (Lair:6)
  2 fauns (Shoals:2)
  A siren (Shoals:4)
  2 komodo dragons (Lair:2)
  4 jumping spiders
  A yak (Lair:2)
  An orc warrior (D:15)
  A wolf (Lair:3)
  A boggart (Depths:1)
  An ogre (Depths:2)
  A small abomination (Abyss:2)
  A scorpion (D:10)
  An electric eel (Lair:6)
  2 orcs (D:15)
  A rat (D:3)
  A bush (Lair:4)
  22 fungi
  69 plants
  4 starspawn tentacles (Abyss:3)
  2 withered plants (Crypt:3)
134 creatures vanquished.

Grand Total: 2063 creatures vanquished

Notes
Turn   | Place    | Note
-------+----------+-------------------------------------------
     0 | D:1      | tsouns the Human Fighter began the quest for the Orb.
     0 | D:1      | Reached XP level 1. HP: 18/18 MP: 1/1
   161 | D:1      | Reached XP level 2. HP: 21/24 MP: 2/2
   307 | D:1      | Reached skill level 3 in Axes
   331 | D:1      | Reached XP level 3. HP: 17/29 MP: 3/3
  1101 | D:2      | Reached XP level 4. HP: 33/35 MP: 4/4
  1296 | D:2      | Reached skill level 4 in Axes
  1386 | D:2      | Noticed Natasha
  1395 | D:2      | Killed Natasha
  1395 | D:2      | Reached XP level 5. HP: 37/42 MP: 5/5
  1432 | D:2      | Found a faded altar of an unknown god.
  1702 | D:2      | Noticed Natasha
  1708 | D:2      | Killed Natasha
  2135 | D:3      | Noticed Xoff's ghost (amateur DsWz)
  2369 | D:4      | Reached XP level 6. HP: 48/48 MP: 6/6
  2379 | D:4      | Found a white marble altar of Elyvilon.
  2395 | D:4      | Became a worshipper of Elyvilon the Healer
  2401 | D:4      | Noticed Menkaure
  2409 | D:4      | Killed Menkaure
  2409 | D:4      | Reached skill level 5 in Axes
  2532 | D:4      | Found a staircase to the Ecumenical Temple.
  2552 | Temple   | Entered the Ecumenical Temple
  2594 | D:4      | Got a pair of smoking gloves
  2600 | D:4      | Identified the +1 pair of gloves of Dramatic Exits {rPois rF+ rC+ SInv} (You found it on level 4 of the Dungeon)
  2611 | D:4      | Noticed Edmund
  2615 | D:4      | Noticed Natasha
  2631 | D:4      | Killed Edmund
  2631 | D:4      | Reached skill level 5 in Fighting
  2631 | D:4      | Reached skill level 6 in Axes
  2631 | D:4      | Reached XP level 7. HP: 44/56 MP: 7/7
  2634 | D:4      | Killed Natasha
  2807 | D:4      | Found a snail-covered altar of Cheibriados.
  2978 | D:4      | Found a runed door.
  3272 | D:5      | Entered Level 5 of the Dungeon
  3410 | D:5      | Reached * piety under Elyvilon
  3458 | D:5      | Reached skill level 7 in Axes
  3458 | D:5      | Reached XP level 8. HP: 39/63 MP: 8/8
  3629 | D:5      | Found an iron altar of Okawaru.
  3675 | D:5      | Found a basalt altar of Yredelemnul.
  3730 | D:5      | Reached skill level 1 in Invocations
  3914 | D:5      | Reached ** piety under Elyvilon
  4280 | D:6      | Got a heavily runed scale mail
  4291 | D:6      | Identified the cursed +0 scale mail "Ziginait" {rF- Str+8} (You found it on level 6 of the Dungeon)
  4604 | D:6      | Reached *** piety under Elyvilon
  4778 | D:7      | Noticed Duvessa
  4801 | D:7      | Killed Duvessa
  4801 | D:7      | Reached skill level 8 in Axes
  5001 | D:7      | Found Hudol's Distillery.
  5014 | D:7      | Bought a potion of heal wounds for 60 gold pieces
  5014 | D:7      | Bought a potion of curing for 36 gold pieces
  5014 | D:7      | Bought a potion of curing for 36 gold pieces
  5014 | D:7      | Bought a potion of ambrosia for 96 gold pieces
  5038 | D:7      | Reached XP level 9. HP: 16/71 MP: 11/11
  5156 | D:7      | Noticed Dowan
  5166 | D:7      | Killed Dowan
  5167 | D:7      | Noticed a hippogriff
  5208 | D:7      | Killed a hippogriff
  5208 | D:7      | Reached skill level 9 in Axes
  5566 | D:7      | Found Hip Ock's Distillery.
  5574 | D:7      | Bought a potion of berserk rage for 55 gold pieces
  5574 | D:7      | Bought a potion of curing for 33 gold pieces
  5629 | D:7      | Noticed a hippogriff
  5639 | D:7      | Killed a hippogriff
  5639 | D:7      | Reached skill level 1 in Dodging
  5801 | D:8      | Reached **** piety under Elyvilon
  5890 | D:8      | Noticed Maurice
  5899 | D:8      | Killed Maurice
  5944 | D:8      | Got a shimmering leather armour
  5955 | D:8      | Identified the +3 leather armour of Sunlight {*Slow +Inv rF+++ Stlth+} (You found it on level 8 of the Dungeon)
  6091 | D:8      | Reached XP level 10. HP: 56/79 MP: 13/13
  6189 | D:8      | Found a glowing golden altar of the Shining One.
  6199 | D:8      | Found a stormy altar of Qazlal.
  6345 | D:7      | Found Ciojefic's Armour Shop.
  6349 | D:7      | Found Renohocyg's Antique Weapon Shop.
  6474 | D:8      | Reached skill level 10 in Axes
  6859 | D:9      | Reached skill level 5 in Armour
  6859 | D:9      | Paralysed by fainting for 7 turns
  7404 | D:10     | Entered Level 10 of the Dungeon
  7440 | D:10     | Reached ***** piety under Elyvilon
  7451 | D:10     | Noticed a hill giant
  7459 | D:10     | Killed a hill giant
  7459 | D:10     | Reached skill level 5 in Dodging
  7459 | D:10     | Reached XP level 11. HP: 39/87 MP: 14/14
  7494 | D:10     | Noticed a hill giant
  7521 | D:10     | Killed a hill giant
  8282 | D:10     | Found a portal to a secret trove of treasure.
  8297 | D:10     | Reached skill level 5 in Invocations
  8340 | D:10     | Found a staircase to the Orcish Mines.
  8420 | D:10     | Paralysed by a hornet for 1 turns
  8700 | D:11     | Noticed a purple ugly thing
  8702 | D:11     | Got an encrusted ring mail
  8719 | D:11     | Killed a purple ugly thing
  8719 | D:11     | Reached skill level 11 in Axes
  8740 | D:10     | Identified the +2 ring mail of the Sky {*Slow Int+3 Dex+3 Stlth+} (You found it on level 11 of the Dungeon)
  8910 | D:11     | Noticed a red ugly thing
  8927 | D:11     | Killed a red ugly thing
  9074 | D:11     | Found a staircase to the Lair.
  9213 | Lair:1   | Entered Level 1 of the Lair of Beasts
 10093 | Lair:1   | Reached XP level 12. HP: 61/97 MP: 16/16
 10624 | Lair:1   | Reached skill level 10 in Fighting
 10728 | Lair:2   | Noticed a six-headed hydra
 10734 | Lair:2   | Pacified a six-headed hydra
 10734 | Lair:2   | Reached skill level 1 in Evocations
 11707 | Lair:2   | Found a hole to the Spider Nest.
 12884 | Lair:3   | Reached skill level 12 in Axes
 13126 | Lair:4   | Reached XP level 13. HP: 100/104 MP: 18/18
 13431 | Lair:4   | Noticed a seven-headed hydra
 13433 | Lair:4   | Pacified a seven-headed hydra
 13486 | Lair:4   | Found a staircase to the Shoals.
 14166 | Lair:5   | Reached skill level 13 in Axes
 14547 | Lair:6   | Entered Level 6 of the Lair of Beasts
 15496 | Lair:6   | Found a viscous altar of Jiyva.
 15496 | Lair:6   | Found a staircase to the Slime Pits.
 15528 | Lair:6   | Reached XP level 14. HP: 50/113 MP: 21/21
 15810 | Lair:6   | Reached skill level 14 in Axes
 16941 | Lair:6   | Reached skill level 15 in Axes
 17415 | D:12     | Found a frozen archway.
 17424 | IceCv    | Entered an ice cave
 17705 | IceCv    | Got fine ice dragon scales
 17710 | IceCv    | Got a twisted battleaxe
 17755 | D:12     | Identified the +7 ice dragon scales of the Furies {rF- rC++ MR+ Dex-5 SInv} (You found it in an ice cave)
 17755 | D:12     | Identified the cursed +2 battleaxe of Inference {elec, +Fly rElec rC+ Stlth+} (You found it in an ice cave)
 17863 | D:12     | Found a shadowy altar of Dithmenos.
 18125 | D:12     | Reached skill level 16 in Axes
 18557 | D:13     | Found Xajixuydgh's Weapon Boutique.
 18610 | D:13     | Found a gate to the Vaults.
 18775 | D:13     | Got a translucent helmet
 18786 | D:13     | Identified the cursed +0 helmet "Wudoogh" {*Contam rPois Dex+4 Stlth+} (You found it on level 13 of the Dungeon)
 19174 | D:14     | Reached XP level 15. HP: 110/119 MP: 22/22
 19191 | D:14     | Found an opulent altar of Gozag.
 19220 | D:14     | Reached ****** piety under Elyvilon
 19437 | D:14     | Found Xaplif's Antique Armour Shoppe.
 19699 | D:14     | Noticed Urug
 19709 | D:14     | Killed Urug
 19977 | D:14     | Reached skill level 17 in Axes
 20043 | D:15     | Entered Level 15 of the Dungeon
 20136 | D:15     | Noticed a lich
 20145 | D:15     | Killed a lich
 20151 | D:15     | Noticed a lich
 20163 | D:15     | Killed a lich
 20452 | D:15     | Reached skill level 10 in Armour
 20484 | D:15     | Found Dotuseme's Book Emporium.
 20535 | D:15     | Found a staircase to the Depths.
 20979 | D:15     | Noticed a sphinx
 20982 | D:15     | Noticed a fire giant
 21038 | D:15     | Killed a fire giant
 21038 | D:15     | Reached skill level 10 in Invocations
 21137 | D:15     | Killed a sphinx
 21137 | D:15     | Reached skill level 5 in Evocations
 21247 | D:15     | Noticed a storm dragon
 21261 | D:15     | Killed a storm dragon
 21281 | D:15     | Noticed a tengu reaver
 21309 | D:15     | HP: 6/120 [tengu reaver/bolt of magma (32)]
 21310 | D:15     | Killed a tengu reaver
 21310 | D:15     | Reached XP level 16. HP: 6/127 MP: 23/23
 21594 | D:15     | Got a brightly glowing plate armour
 21605 | D:15     | Identified the +2 plate armour "Pevef" {rF+} (You found it on level 15 of the Dungeon)
 21886 | Orc:1    | Entered Level 1 of the Orcish Mines
 21886 | Orc:1    | Found Kysat's Armour Shop.
 22322 | Orc:1    | Found Huexupp's Weapon Shoppe.
 22525 | Orc:1    | Found Riba Gai's Magic Scroll Boutique.
 22534 | Orc:1    | Bought a scroll of enchant weapon for 97 gold pieces
 22534 | Orc:1    | Bought a scroll of enchant armour for 97 gold pieces
 22534 | Orc:1    | Bought a scroll of acquirement for 676 gold pieces
 22534 | Orc:1    | Bought a scroll of enchant armour for 97 gold pieces
 22534 | Orc:1    | Bought a scroll of identify for 26 gold pieces
 22534 | Orc:1    | Bought a scroll of teleportation for 39 gold pieces
 22535 | Orc:1    | Got a scintillating wooden ring
 22536 | Orc:1    | Identified the ring of Xom's Whimsicality {+Fly rElec Int+4} (You acquired it on level 1 of the Orcish Mines)
 22630 | Orc:1    | Found Xomnirohi's Book Boutique.
 22652 | Orc:2    | Entered Level 2 of the Orcish Mines
 22653 | Orc:2    | Noticed Sonja
 22656 | Orc:2    | Pacified Sonja
 22768 | Orc:2    | Found a staircase to the Elven Halls.
 22908 | Orc:2    | Found Volemagguixt's Magic Scroll Shop.
 22909 | Orc:2    | Found Takliupn's General Store.
 23158 | Orc:2    | Bought 2 scrolls of blinking for 240 gold pieces
 23160 | Orc:2    | Bought the macabre finger necklace {rN+} for 224 gold pieces
 23432 | Orc:2    | Reached skill level 18 in Axes
 23894 | Orc:2    | Found Buirempaenn's Antique Weapon Emporium.
 23894 | Orc:2    | Found a one-way gate leading to the halls of Pandemonium.
 23894 | Orc:2    | Found Zeofan's Gadget Shoppe.
 23920 | Orc:2    | Bought a sack of spiders for 240 gold pieces
 24134 | Spider:1 | Entered Level 1 of the Spider Nest
 24134 | Spider:1 | Noticed Roxanne
 24167 | Spider:1 | Killed Roxanne
 24168 | Spider:1 | Identified Roxanne's Disquisition on Earth (You took it off Roxanne on level 1 of the Spider Nest)
 25315 | Spider:1 | Reached XP level 17. HP: 129/135 MP: 25/25
 25874 | Spider:2 | Identified the Reference Book on Icy Toxins
 26974 | Spider:3 | Noticed Arachne
 26990 | Spider:3 | Killed Arachne
 27296 | Spider:3 | Reached skill level 19 in Axes
 27602 | Spider:4 | Entered Level 4 of the Spider Nest
 27982 | Spider:4 | Noticed Kirke
 28004 | Spider:4 | Killed Kirke
 28163 | Spider:4 | Noticed Asterion
 28187 | Spider:4 | Killed Asterion
 28482 | Spider:4 | Reached XP level 18. HP: 126/143 MP: 25/27
 28578 | Spider:4 | Noticed Bai Suzhen
 28754 | Shoals:1 | Entered Level 1 of the Shoals
 28763 | Shoals:1 | Noticed Josephine
 28780 | Shoals:1 | Killed Josephine
 28953 | Shoals:1 | Reached skill level 10 in Dodging
 29798 | Shoals:2 | HP: 4/144 [satyr/arrow (12)]
 30254 | Shoals:2 | Noticed Donald
 30269 | Shoals:2 | Killed Donald
 30567 | Shoals:2 | Noticed Nikola
 30603 | Shoals:2 | Killed Nikola
 30637 | Shoals:2 | Reached XP level 19. HP: 64/151 MP: 28/28
 31030 | Shoals:3 | Got a jade-encrusted leather armour
 31031 | Shoals:3 | Identified the +1 leather armour of Death Resistance {-Tele rCorr Int+6} (You found it on level 3 of the Shoals)
 31257 | Shoals:3 | Found Myerch's Magic Scroll Emporium.
 31263 | Shoals:3 | Bought a scroll of teleportation for 39 gold pieces
 31263 | Shoals:3 | Bought a scroll of blinking for 97 gold pieces
 31263 | Shoals:3 | Bought a scroll of summoning for 123 gold pieces
 31263 | Shoals:3 | Bought a scroll of identify for 26 gold pieces
 31263 | Shoals:3 | Bought a scroll of identify for 26 gold pieces
 31263 | Shoals:3 | Bought a scroll of identify for 26 gold pieces
 31593 | Shoals:4 | Entered Level 4 of the Shoals
 31818 | Shoals:4 | Noticed Ilsuiw
 31941 | Shoals:4 | Reached skill level 20 in Axes
 31983 | Shoals:4 | Killed Ilsuiw
 32237 | Shoals:4 | Noticed Polyphemus
 32266 | Shoals:4 | Killed Polyphemus
 32465 | Shoals:4 | Gained mutation: You are somewhat resistant to further mutation. [potion of beneficial mutation]
 32939 | Shoals:4 | Cast into level 2 of the Abyss (merfolk javelineer)
 33045 | Abyss:2  | Found a burning altar of Makhleb.
 33130 | Abyss:2  | Noticed an ancient lich
 33168 | Abyss:3  | Got an abyssal rune of Zot
 33184 | Abyss:3  | Found a corrupted altar of Lugonu.
 33193 | Shoals:4 | Escaped the Abyss
 33486 | Vaults:1 | Entered Level 1 of the Vaults
 34070 | Vaults:1 | Reached XP level 20. HP: 150/160 MP: 30/30
 35435 | Vaults:2 | Reached skill level 15 in Fighting
 36755 | Vaults:2 | Reached XP level 21. HP: 98/169 MP: 32/32
 37668 | Vaults:3 | Reached skill level 15 in Invocations
 38288 | Vaults:3 | Found a staircase to the Crypt.
 39015 | Vaults:3 | Noticed a golden dragon
 39023 | Vaults:3 | Killed a golden dragon
 39349 | Vaults:3 | Reached XP level 22. HP: 114/178 MP: 33/33
 39555 | Vaults:2 | Reached skill level 15 in Armour
 41042 | Vaults:4 | Reached skill level 21 in Axes
 42351 | Spider:4 | Killed Bai Suzhen
 42633 | Spider:4 | Reached XP level 23. HP: 161/186 MP: 11/34
 42891 | Spider:4 | Got a gossamer rune of Zot
 43341 | Shoals:4 | Got a barnacled rune of Zot
 43687 | Depths:1 | Entered Level 1 of the Depths
 43706 | Depths:1 | Found a gateway to a ziggurat.
 43947 | Depths:1 | Noticed the Enchantress
 44043 | Depths:1 | Killed the Enchantress
 44080 | Depths:1 | Reached skill level 22 in Axes
 44194 | Depths:1 | Elyvilon protects you from harm!
 44225 | Depths:1 | HP: 2/188 [vampire knight/vampiric draining (26)]
 44568 | Elf:1    | Entered Level 1 of the Elven Halls
 44699 | Elf:1    | Noticed Beholder179's ghost (adept DrAK)
 45264 | D:8      | Fell from the grace of Elyvilon
 45264 | D:8      | Became a worshipper of the Shining One
 45264 | D:8      | Reached * piety under the Shining One
 45264 | D:8      | Reached ** piety under the Shining One
 45298 | D:7      | Bought a potion of resistance for 110 gold pieces
 45298 | D:7      | Bought 2 potions of curing for 66 gold pieces
 45298 | D:7      | Bought a potion of curing for 33 gold pieces
 45298 | D:7      | Bought 2 potions of haste for 220 gold pieces
 45298 | D:7      | Bought a potion of cancellation for 88 gold pieces
 45936 | Crypt:1  | Entered Level 1 of the Crypt
 46141 | Crypt:1  | Reached *** piety under the Shining One
 46443 | Crypt:1  | Reached **** piety under the Shining One
 47081 | Crypt:1  | Reached ***** piety under the Shining One
 47151 | Crypt:2  | Noticed Mennas
 47735 | Crypt:3  | Entered Level 3 of the Crypt
 47788 | Crypt:3  | Reached ****** piety under the Shining One
 47858 | Crypt:3  | Found a magical portal.
 47887 | WizLab   | Entered Cigotuvi's Fleshworks
 47920 | WizLab   | Identified a +9 battleaxe of holy wrath (a +8 battleaxe blessed by the Shining One)
 47920 | WizLab   | Received a gift from the Shining One
 48020 | Crypt:3  | Reached XP level 24. HP: 196/196 MP: 34/34
 48363 | Crypt:3  | Got a pitted war axe
 48364 | Crypt:3  | Identified the +1 war axe "Erocwof" {chop, rN+ MR+} (You found it on level 3 of the Crypt)
 48853 | Crypt:3  | Found a staircase to the Tomb.
 48873 | Tomb:1   | Entered Level 1 of the Tomb of the Ancients
 49315 | Depths:1 | Got faerie dragon scales
 49316 | Depths:1 | Identified the +3 faerie dragon scales {Regen+ Dex+5} (You took it off the Enchantress on level 1 of the Depths)
 49453 | Depths:1 | Found a gateway to Hell.
 49998 | Depths:2 | Noticed a juggernaut
 50133 | Depths:2 | Paralysed by a floating eye for 3 turns
 50343 | Depths:2 | Killed a juggernaut
 50653 | Depths:2 | Reached skill level 23 in Axes
 50718 | Depths:2 | Reached XP level 25. HP: 199/204 MP: 35/35
 50878 | Depths:3 | Reached skill level 15 in Dodging
 51012 | Depths:3 | Found Suutob's Food Shop.
 51144 | Depths:3 | Noticed a greater mummy
 51149 | Depths:3 | Killed a greater mummy
 51701 | Depths:4 | Noticed Sojobo
 51730 | Depths:4 | Killed Sojobo
 51821 | Depths:4 | Noticed a juggernaut
 51859 | Depths:3 | Killed a juggernaut
 52022 | Depths:4 | Paralysed by a floating eye for 4 turns
 52030 | Depths:4 | Paralysed by a floating eye for 4 turns
 52032 | Depths:4 | HP: 4/205 [storm dragon (9)]
 52033 | Depths:4 | Killed from afar by a battlesphere

Skill      XL: |  1  2  3  4  5  6  7  8  9 10 11 12 13 14 15 16 17 18 19 20 21 22 23 24 25 |
---------------+----------------------------------------------------------------------------+-----
Axes           | 3 4 6 7 8 9 10 11 12 13 16 17 18 19 20 21 22 23 | 23.2
Fighting       | 4 5 6 7 8 9 10 11 12 13 14 15 16 17 18 | 18.5
Invocations    | 3 4 6 7 9 10 11 12 13 14 15 16 17 | 17.4
Dodging        | 2 5 6 7 8 9 10 11 12 13 14 15 | 15.2
Armour         | 4 6 7 8 9 10 11 12 13 14 15 16 17 | 17.3
Evocations     | 3 5 6 7 8 9 |  9.0
Shields        | |  3.0

Action                   |  1- 3 |  4- 6 |  7- 9 | 10-12 | 13-15 | 16-18 | 19-21 | 22-24 | 25-27 || total
-------------------------+-------+-------+-------+-------+-------+-------+-------+-------+-------++-------
Melee: War axe           |   103 |   177 |   307 |    93 |       |       |       |       |       ||   680
       Battleaxe         |       |       |       |   704 |  1039 |  1448 |  1386 |  1192 |   323 ||  6092
       Executioner's axe |       |       |       |       |       |       |   197 |   817 |       ||  1014
Throw: Throwing net      |     1 |     1 |       |       |       |       |       |       |       ||     2
       Tomahawk          |       |       |       |     2 |       |       |       |       |       ||     2
Invok: Lesser Healing    |       |       |     1 |     3 |       |       |       |       |       ||     4
       Heal Other        |       |       |       |    12 |    20 |    22 |     6 |     2 |       ||    62
       Greater Healing   |       |       |       |     2 |     4 |    13 |    11 |    17 |       ||    47
       Purification      |       |       |       |       |       |     1 |       |       |       ||     1
       Divine Vigour     |       |       |       |       |       |       |     1 |       |       ||     1
       Brand Weapon With |       |       |       |       |       |       |       |     1 |       ||     1
       Cleansing Flame   |       |       |       |       |       |       |       |     2 |       ||     2
       Summon Divine War |       |       |       |       |       |       |       |       |     2 ||     2
Evoke: Wand              |       |     2 |     7 |     5 |     1 |     1 |    11 |     6 |       ||    33
       Phial of floods   |       |       |       |       |       |     1 |     1 |       |       ||     2
       Sack of spiders   |       |       |       |       |       |       |     1 |     1 |       ||     2
       Box of beasts     |       |       |       |       |       |       |     1 |       |       ||     1
  Use: Scroll            |       |    11 |     7 |     9 |    13 |    10 |    13 |    13 |       ||    76
       Potion            |       |     4 |     2 |     4 |     1 |     4 |     3 |     6 |     1 ||    25
 Stab: Sleeping          |       |       |     1 |       |       |       |       |       |       ||     1
       Paralysed         |       |       |     6 |       |       |     2 |       |       |       ||     8
       Confused          |       |       |       |       |       |     2 |       |       |       ||     2
       Distracted        |       |       |       |       |       |     1 |       |       |       ||     1
       Invisible         |       |       |       |       |       |    12 |       |       |       ||    12
  Eat: Chunk             |     1 |     3 |    11 |    53 |    36 |     8 |     6 |    20 |       ||   138
       Fruit             |       |     2 |     1 |     1 |       |     5 |     3 |     7 |       ||    19
       Pizza             |       |       |     2 |       |       |     2 |       |     3 |       ||     7
       Royal jelly       |       |       |       |     1 |       |     1 |       |       |     1 ||     3
       Beef jerky        |       |       |       |       |       |     6 |       |     3 |     1 ||    10
       Bread ration      |       |       |       |       |       |     3 |     5 |     3 |       ||    11
       Meat ration       |       |       |       |       |       |       |     1 |       |     1 ||     2
Armor: Scale mail        |    53 |    98 |    86 |       |       |       |       |       |       ||   237
       Ring mail         |       |       |    54 |       |       |       |       |       |       ||    54
       Plate armour      |       |       |       |   482 |   390 |       |       |       |       ||   872
       Ice dragon scales |       |       |       |       |   191 |   783 |   661 |    63 |       ||  1698
       Gold dragon scale |       |       |       |       |       |       |       |  1544 |   245 ||  1789
Dodge: Dodged            |    31 |    62 |    95 |   383 |   704 |  1452 |  1195 |  1286 |   219 ||  5427
Block: Shield            |    49 |    77 |   168 |    36 |       |       |       |       |       ||   330
